 Dungeon Crawl Stone Soup version 0.30-a0-540-g0af01429fa (webtiles) character file.

Game seed: 16361092257148046927

3300 Shayle the Covert (level 10, 0/63 HPs)
             Began as a Tengu Brigand on Dec 26, 2022.
             Was an Initiate of Wu Jian.
             Killed from afar by a gargoyle (17 damage)
             ... with a stone arrow
             ... on level 9 of the Dungeon.
             The game lasted 00:16:50 (7077 turns).

Shayle the Covert (Tengu Brigand)                   Turns: 7077, Time: 00:16:51

Health: 0/63       AC: 10    Str: 11    XL:     10   Next: 1%
Magic:  11/11      EV: 18    Int: 13    God:    Wu Jian [......]
Gold:   640        SH:  0    Dex: 26    Spells: 9/9 levels left

rFire   + . .      SeeInvis .    n - +9 sling of Yeast {elec, Dex+7}
rCold   . . .      Faith    .    (no shield)
rNeg    . . .      Spirit   .    s - +2 ring mail {rF+}
rPois   .          Reflect  .    (helmet restricted)
rElec   .          Harm     .    c - +2 cloak
rCorr   .          Rampage  .    (no gloves)
Will    .....                    (boots unavailable)
Stlth   ++++                     (no amulet)
HPRegen 0.30/turn                (no ring)
MPRegen 0.12/turn                (no ring)

@: flying quickly and evasively, studying Fighting, quick
A: beak, talons 3, nimble flight
a: Renounce Religion


You were on level 9 of the Dungeon.
You worshipped Wu Jian.
Wu Jian was noncommittal.
You visited 1 branch of the dungeon, and saw 9 of its levels.

You collected 640 gold pieces.

Inventory:

Hand Weapons
 a - a +2 dagger
 n - the +9 sling of Yeast (weapon) {elec, Dex+7}
   (You found it on level 3 of the Dungeon)

   Any ammunition fired from it occasionally discharges a powerful burst of
   electricity upon striking a foe.
   Dex:       It affects your dexterity (+7).
 r - a +2 vampiric rapier
 v - a +2 scimitar of freezing
Missiles
 d - 16 poisoned darts
 e - 3 curare-tipped darts
 w - a throwing net
Armour
 b - a +0 robe
 c - a +2 cloak (worn)
 s - a +2 ring mail of fire resistance (worn)
 F - +0 steam dragon scales
Jewellery
 C - a ring of wizardry
Scrolls
 h - a scroll of butterflies
 j - 2 scrolls of teleportation
 l - a scroll of brand weapon
 m - 5 scrolls of noise
 p - 2 scrolls of fog
 D - a scroll of enchant armour
Potions
 f - a potion of resistance {unknown}
 g - a potion of flight {unknown}
 i - 2 potions of cancellation {unknown}
 k - 2 potions of brilliance
 o - 6 potions of curing
 q - 2 potions of might {unknown}
 t - 2 potions of lignification {unknown}
 x - 4 potions of haste
 A - 3 potions of magic {unknown}
 B - a potion of attraction {unknown}


   Skills:
 + Level 7.2 Fighting
 - Level 6.8 Short Blades
 + Level 3.5 Ranged Weapons
 - Level 2.0 Throwing
 + Level 3.5 Armour
 - Level 6.5 Dodging
 + Level 8.5 Stealth


You had 9 spell levels left.
You didn't know any spells.
Your spell library contained the following spells:

 Spells                   Type           Power      Damage    Failure   Level
 Necrotise                Necr           0%         1d4       56%         1
 Sublimation of Blood     Necr           0%         N/A       71%         2
 Gell's Gravitas          Tloc           0%         N/A       91%         3
 Lesser Beckoning         Tloc           0%         N/A       91%         3
 Ozocubu's Armour         Ice            0%         N/A       91%         3
 Teleport Other           Tloc           0%         N/A       91%         3
 Vampiric Draining        Necr           0%         2d6       91%         3
 Petrify                  Tmut/Erth      0%         N/A       100%        4
 Agony                    Necr           0%         N/A       100%        5
 Irradiate                Conj/Tmut      0%         3d11      100%        5
 Ozocubu's Refrigeration  Ice            0%         4d7       100%        7


Dungeon Overview and Level Annotations

Branches:
Dungeon (9/15)             Temple (0/1) D:5
   Lair: D:8-11         Orc: D:9-12

Altars:
Dithmenos
Elyvilon
Sif Muna
Trog
Uskayaw
Vehumet
Wu Jian
Zin

Shops:
D:3 *

Annotations:
D:3 1 runed translucent door, Crazy Yiuf, Sigmund


Innate Abilities, Weirdness & Mutations

You have a beak for a mouth.
You have claws for feet.
Your magical nature lets you fly swiftly and evasively.


Message History

Fire: n) +9 sling of Yeast {elec, Dex+7}
Press: ? - help, Q - select action, (/) - cycle Shift-Dir - straight line, f/p - gargoyle
Aim: a gargoyle, wielding a +0 morningstar (heavily damaged, 83% to hit)
You shoot a sling bullet.
The sling bullet hits the gargoyle but does no damage.
The gargoyle is heavily damaged.
The gargoyle closely misses you.
The gargoyle hurls a stone arrow at you.
The stone arrow misses you.
Fire: n) +9 sling of Yeast {elec, Dex+7}
Press: ? - help, Q - select action, (/) - cycle Shift-Dir - straight line, f/p - gargoyle
Aim: a gargoyle, wielding a +0 morningstar (heavily damaged, 83% to hit)
You shoot a sling bullet.
The sling bullet barely misses the gargoyle.
The gargoyle misses you.
Fire: n) +9 sling of Yeast {elec, Dex+7}
Press: ? - help, Q - select action, (/) - cycle Shift-Dir - straight line, f/p - gargoyle
Aim: a gargoyle, wielding a +0 morningstar (heavily damaged, 83% to hit)
You shoot a sling bullet. The sling bullet hits the gargoyle.
The gargoyle is severely damaged.
The gargoyle hits you with a +0 morningstar!!
Fire: n) +9 sling of Yeast {elec, Dex+7}
Press: ? - help, Q - select action, (/) - cycle Shift-Dir - straight line, f/p - gargoyle
Aim: a gargoyle, wielding a +0 morningstar (severely damaged, 83% to hit)
You shoot a sling bullet.
The sling bullet barely misses the gargoyle.
The gargoyle hits you with a +0 morningstar!
* * * LOW HITPOINT WARNING * * *
The gargoyle barely misses you.
You feel better.
The gargoyle hurls a stone arrow at you.
The stone arrow misses you.
Fire: n) +9 sling of Yeast {elec, Dex+7}
Press: ? - help, Q - select action, (/) - cycle Shift-Dir - straight line, f/p - gargoyle
Aim: a gargoyle, wielding a +0 morningstar (severely damaged, 83% to hit)
You shoot a sling bullet. The sling bullet hits the gargoyle!
The gargoyle is almost destroyed.
The gargoyle hurls a stone arrow at you.
The stone arrow hits you!
You die...

####...#### #
##.........##.##
.............(.
#.........#.#####
#.....<.......
#...####.##...
#...####.#....
####...!......
#.#@.......
#.9#..#....
#.###.# .. ..##
#.# ### ##


You could see a gargoyle.

Vanquished Creatures
  6 yaks (D:8)
  A wyvern (D:8)
  A steam dragon (D:8)
  Menkaure (D:4)
  Duvessa (D:4)
  2 sky beasts
  2 black bears
  An orc warrior (D:7)
  An ice beast (D:6)
  3 centaurs
  A phantom (D:4)
  A bullfrog (D:8)
  3 necrophages
  2 scorpions
  A wight (D:7)
  Dowan (D:4)
  A howler monkey (D:4)
  An electric eel (D:6)
  A jelly (D:4)
  4 hounds
  2 orc priests (D:6)
  An orc wizard (D:7)
  4 iguanas
  9 adders
  2 shadow imps
  2 white imps (D:7)
  A worm (D:2)
  2 dart slugs
  20 orcs
  8 endoplasms
  A giant cockroach (D:3)
  4 goblins
  10 hobgoblins
  5 jackals
  9 kobolds
  7 quokkas
  8 ball pythons
  7 bats
  5 frilled lizards
  5 rats
147 creatures vanquished.

Vanquished Creatures (others)
  9 plants
9 creatures vanquished.

Grand Total: 156 creatures vanquished

Notes
Turn   | Place    | Note
-------+----------+-------------------------------------------
     0 | D:1      | Shayle the Tengu Brigand began the quest for the Orb.
     0 | D:1      | Reached XP level 1. HP: 12/12 MP: 2/2
   119 | D:1      | Reached XP level 2. HP: 17/17 MP: 3/3
   744 | D:2      | Reached XP level 3. HP: 8/22 MP: 4/4
  1549 | D:2      | Reached XP level 4. HP: 27/27 MP: 5/5
  1779 | D:3      | Found Zin's Purification Station.
  1782 | D:3      | Found a glowing silver altar of Zin.
  1995 | D:3      | Identified the +9 sling of Yeast {elec, Dex+7}
  2480 | D:3      | Found a runed translucent door.
  2480 | D:3      | Noticed Sigmund
  2481 | D:3      | Noticed Crazy Yiuf
  2639 | D:4      | Gained mutation: Your magical nature lets you fly swiftly
                  | and evasively. [Tengu growth]
  2639 | D:4      | Reached XP level 5. HP: 19/32 MP: 6/6
  2695 | D:4      | Noticed a phantom
  2696 | D:4      | Noticed Menkaure
  2932 | D:4      | Killed Menkaure
  2933 | D:4      | Reached skill level 5 in Stealth
  2933 | D:4      | Reached XP level 6. HP: 37/37 MP: 7/7
  3101 | D:4      | Noticed Duvessa
  3103 | D:4      | Reached XP level 7. HP: 43/43 MP: 8/8
  3111 | D:4      | Killed Duvessa
  3174 | D:4      | Noticed Dowan
  3177 | D:4      | Killed Dowan
  3223 | D:4      | Found a hide-covered altar of Uskayaw.
  3225 | D:4      | Found a radiant altar of Vehumet.
  3270 | D:4      | Reached skill level 6 in Stealth
  3357 | D:4      | Found a shimmering blue altar of Sif Muna.
  3392 | D:4      | Reached skill level 5 in Short Blades
  3517 | D:5      | Entered Level 5 of the Dungeon
  3619 | D:5      | Identified the +2 scale mail of Resilience {Fly Str+2
                  | Dex+2}
  3658 | D:5      | Found a staircase to the Ecumenical Temple.
  3674 | D:5      | Reached XP level 8. HP: 35/48 MP: 9/9
  4042 | D:5      | Reached skill level 5 in Dodging
  4208 | D:5      | Found a bloodstained altar of Trog.
  4250 | D:5      | Reached skill level 5 in Fighting
  4870 | D:6      | HP: 2/49 [electric eel/bolt of electricity (11)]
  5122 | D:6      | Found an ornate altar of the Wu Jian Council.
  5132 | D:6      | Became a worshipper of the Wu Jian Council
  5383 | D:7      | Found a white marble altar of Elyvilon.
  5427 | D:7      | Reached skill level 7 in Stealth
  5467 | D:7      | Reached XP level 9. HP: 31/55 MP: 10/10
  6169 | D:8      | Reached skill level 1 in Ranged Weapons
  6169 | D:8      | Reached skill level 1 in Armour
  6180 | D:8      | Reached skill level 8 in Stealth
  6739 | D:8      | Found a shadowy altar of Dithmenos.
  6788 | D:8      | Reached XP level 10. HP: 49/63 MP: 11/11
  7019 | D:8      | Identified a scroll of acquirement
  7019 | D:8      | Acquired a manual of Fighting
  7063 | D:9      | Noticed a gargoyle
  7077 | D:9      | Killed from afar by a gargoyle

Illustrated notes

Levels and vault maps discovered:
D:1:      matt_arrival_grand_opening, layout_basic
D:2:      layout_basic, st_stairs_13, corexii_hall_statues_deadend,
          minmay_vboxes
D:3:      layout_loops_ring, zin_purify, lexackson_kobold_supper,
          uniq_crazy_yiuf_cottage, uniq_sigmund
D:4:      layout_rooms, led_sif_pool, nicolae_overflow_hidden_temple,
          uniq_duvessa, uniq_menkaure
D:5:      layout_basic, trog_butcher_becter, temple_doors_e
D:6:      layout_loops_ring, lemuel_round_altar, serial_glass, glass_columns_b,
          glass_columns_c, glass_columns_c, glass_columns_a, feat_on_display,
          serial_bayou_lagoon_b
D:7:      cheibrodos_helix_gallery, layout_rooms,
          mainiacjoe_overflow_cross_hatched, minmay_misc_feat_enclosed
D:8:      layout_rooms, grunt_dithmenos_smoke, serial_co_window_serial,
          co_window_of_opportunity_a, co_window_paths_b, co_window_paths_a,
          co_window_paths_a, co_window_paths_a, co_window_corner_cb,
          co_window_corner_cb, co_window_unsneaky_path_b, co_window_4corner_b,
          glass_columns_a, glass_columns_c, glass_columns_b, glass_columns_a,
          glass_columns_c
D:9:      layout_loops_ring, nemelex_diamond_rough_becter, zombieorc2_lemuel,
          enter_bailey_2

Skill      XL: |  1  2  3  4  5  6  7  8  9 |
---------------+----------------------------+-----
Dodging        | 2 3 4 6 |  6.5
Short Blades   | 3 4 5 6 |  6.8
Fighting       | 3 4 5 7 |  7.2
Stealth        | 5 6 7 8 |  8.5
Ranged Weapons | 3 |  3.5
Armour         | 3 |  3.5
Throwing       | |  2.0

Action                   |  1- 3 |  4- 6 |  7- 9 | 10-12 || total
-------------------------+-------+-------+-------+-------++-------
Melee: Dagger            |    73 |    39 |     6 |       ||   118
       Kick              |    12 |     7 |     2 |       ||    21
       Peck              |     8 |     7 |       |       ||    15
       Sling             |       |       |     1 |       ||     1
 Fire: Sling             |       |    42 |   197 |    24 ||   263
  Use: Scroll            |       |       |     8 |     8 ||    16
       Potion            |       |       |       |     1 ||     1
 Stab: Sleeping          |     6 |       |       |       ||     6
Armor: Robe              |    15 |     7 |    11 |       ||    33
       Ring mail         |       |       |     7 |     2 ||     9
Dodge: Dodged            |    36 |    22 |    65 |    10 ||   133

Table legend: (Time is in decaauts)
 A = Elapsed time spent in this place.
 B = Non-inter-level travel time spent in this place.
 C = Inter-level travel time spent in this place.
 D = Time resting spent in this place.
 E = Time spent auto-exploring this place.
 F = Levels seen in this place.
 G = Mean time per level.
                   A        B        C        D        E       F      G
               +--------+--------+--------+--------+--------+-----+--------+
         Total |   6879 |   6708 |    171 |   1229 |   4025 |   9 |  764.3 |
       Dungeon |   6879 |   6708 |    171 |   1229 |   4025 |   9 |  764.3 |
               +--------+--------+--------+--------+--------+-----+--------+

Top non-repeatable levels by time:
     D:2: 1117 daAuts
     D:6: 1039 daAuts
     D:8: 913 daAuts
     D:4: 881 daAuts
     D:3: 853 daAuts
     D:5: 723 daAuts
     D:7: 689 daAuts
     D:1: 633 daAuts
     D:9: 26 daAuts
